 Dungeon Crawl Stone Soup version 0.19-a0-1167-g79b6552 (webtiles) character file.

7848 Jmtri7 the Fighter (level 11, -18/90 (91) HPs)
             Began as a Demonspawn Gladiator on Aug 15, 2016.
             Was an Initiate of Gozag.
             Demolished by a white ugly thing (28 damage)
             ... on level 11 of the Dungeon.
             The game lasted 00:32:09 (9637 turns).

Jmtri7 the Fighter (Demonspawn Gladiator)           Turns: 9637, Time: 00:32:11

HP:   -18/90 (91)   AC: 32    Str: 22    XL:     11   Next: 2%
MP:   11/11         EV: 14    Int:  9    God:    Gozag
Gold: 896           SH:  0    Dex: 20    Spells: 0 memorised, 10 levels left

rFire  . . .     SeeInvis .     n - +0 battleaxe
rCold  . . .     Gourm    .     k - +1 plate armour
rNeg   . . .     Faith    .     (shield currently unavailable)
rPois  .         Spirit   .     I - +2 helmet
rElec  .         Dismiss  .     A - +0 cloak
rCorr  .         Reflect  .     D - +0 pair of gloves
MR     .....     Harm     .     c - +1 pair of boots
Stlth  ..........               F - amulet of magic regeneration
                                w - +4 ring of strength
                                t - +1 ring of evasion

@: agile, sanguine armour
A: claws 2, demonic guardian 1, powered by pain 2, sanguine armour 2
a: Potion Petition, Call Merchant, Bribe Branch, Renounce Religion


You were on level 11 of the Dungeon.
You worshipped Gozag.
Gozag was pleased with you.
You were near starving.

You visited 2 branches of the dungeon, and saw 12 of its levels.
You also visited: Sewer.

You collected 1302 gold pieces.
You spent 308 gold pieces at shops.
You paid 98 gold pieces to Gozag.

Inventory:

Hand Weapons
 n - a +0 battleaxe (weapon)
 z - a +1 morningstar
Missiles
 d - 4 throwing nets (quivered)
Armour
 c - a +1 pair of boots (worn)
 k - a +1 plate armour (worn)
 A - a +0 cloak (worn)
 D - a +0 pair of gloves (worn)
 I - a +2 helmet (worn)
Jewellery
 h - an uncursed ring of wizardry
 t - a +1 ring of evasion (left hand)
 u - an uncursed ring of ice
 w - a +4 ring of strength (right hand)
 F - an amulet of magic regeneration (around neck)
 J - an uncursed ring of magical power
Wands
 s - a wand of lightning (15/15)
 G - a wand of polymorph (8/24)
Scrolls
 b - a scroll of magic mapping
 e - 4 scrolls of remove curse
 j - 7 scrolls of identify
 r - a scroll of recharging
 v - 2 scrolls of blinking
 y - 2 scrolls of teleportation
 B - a scroll of fog
Potions
 i - a potion of cure mutation
 m - 6 potions of flight {unknown}
 p - 5 potions of heal wounds {unknown}
 q - 10 potions of curing {unknown}
 x - 3 potions of degeneration {unknown}
 E - 2 potions of might {unknown}
 L - a potion of haste {unknown}
Books
 H - a book of Clouds

   Spells                             Type                      Level
   a - Mephitic Cloud                 Conjuration/Poison/Air       3
   b - Conjure Flame                  Conjuration/Fire             3
   c - Poisonous Cloud                Conjuration/Poison/Air       6
   d - Freezing Cloud                 Conjuration/Ice/Air          6
   e - Ring of Flames                 Charms/Fire                  7
 K - a book of Burglary

   Spells                             Type                      Level
   a - Swiftness                      Charms/Air                   2
   b - Passwall                       Transmutation/Earth          2
   c - Passage of Golubria            Translocation                4
   d - Lee's Rapid Deconstruction     Earth                        5
   e - Darkness                       Hexes                        6
   f - Invisibility                   Hexes                        6
Miscellaneous
 a - a crystal ball of energy
Comestibles
 f - 7 bread rations
 g - 7 meat rations
 l - 7 beef jerkies
 o - 3 fruits


   Skills:
 - Level 10.2 Fighting
   Level 2.6 Long Blades
 + Level 9.5 Axes
 - Level 1.7 Throwing
 - Level 8.3 Armour
 - Level 2.6 Dodging


You had 10 spell levels left.
You didn't know any spells.

Dungeon Overview and Level Annotations

Branches:
Dungeon (11/15)            Temple (1/1) D:7            Lair (0/6) D:11
    Orc (0/2) D:9

Altars:
Ashenzari
Dithmenos
Elyvilon
Gozag
Hepliaklqana
Kikubaaqudgha
Makhleb
Nemelex Xobeh
Okawaru
Pakellas
Qazlal
Ru
Sif Muna
Trog
Uskayaw
Vehumet
Xom
Yredelemnul
Zin
The Shining One

Shops:
D:4 [   D:9 [[([(

Annotations:
D:10 1 runed door


Innate Abilities, Weirdness & Mutations

You have very sharp fingernails.
A weak demonic guardian rushes to your aid.
You sometimes gain power by taking damage.
When seriously injured, your bleeding wounds create thick armour. (AC +9)


Message History

The white ugly thing freezes you!!
Your blood congeals into armour.
You slash the white ugly thing!
The white ugly thing is lightly wounded.
The white ugly thing closely misses you.
You hit the white ugly thing but do no damage.
The white ugly thing is lightly wounded.
The white ugly thing punches you. The white ugly thing freezes you!!
* * * LOW HITPOINT WARNING * * *
You focus on the pain.
You feel agile all of a sudden.
Your iron imp hits the white ugly thing.
You hit the white ugly thing.
The white ugly thing is moderately wounded.
The white ugly thing closely misses you.
Your iron imp barely misses the white ugly thing.
The white ugly thing punches you!
* * * LOW HITPOINT WARNING * * *
The white ugly thing freezes you!!
You die...
Your body crumbles into a pile of gold.

.......$.#.....P.#
.........#o.P....#
#######..##.....#
#$.###...###
#...........
#...........
.########...).......
.........5..........
.......)[@u........#
#######)[########..#
######.v########...
........[.[<...v....
##########>........
########.........
.................
.................
#################


You could see a white ugly thing, an insubstantial wisp and a friendly iron imp.

Vanquished Creatures
  2 hill giants (D:10)
  A centaur zombie (D:11)
  2 trolls (D:9)
  2 two-headed ogres (D:9)
  A shadow (D:11)
  A wyvern (D:4)
  The ghost of Jmtri7 the Chopper, an amateur HOFi of Gozag (D:4)
  A hungry ghost (D:7)
  A steam dragon (D:9)
  3 wargs (D:11)
  An orc warrior (D:7)
  A necrophage (D:10)
  2 sky beasts
  2 ice beasts
  4 centaurs
  5 ogres
  A crocodile (D:8)
  7 big kobolds
  8 giant frogs
  A wyvern zombie (D:9)
  A water moccasin zombie (D:8)
  5 scorpions
  4 killer bees
  6 wights (D:11)
  A howler monkey (D:5)
  6 crimson imps
  A giant frog zombie (D:8)
  3 orc wizards
  8 hounds
  2 jellies
  3 orc priests
  A centaur skeleton (D:8)
  2 giant frog skeletons
  Terence (D:2)
  2 iguanas
  8 worker ants
  4 hound skeletons
  9 gnolls
  A howler monkey skeleton (D:9)
  12 adders
  2 shadow imps
  An ooze (D:4)
  2 worms
  3 adder skeletons
  4 dart slugs
  5 giant geckos
  38 orcs
  5 bats
  9 giant cockroaches
  10 goblins
  5 hobgoblins
  10 jackals
  7 quokkas
  5 ball pythons
  A giant cockroach zombie (D:6)
  5 giant newts
  21 kobolds
  6 rats
266 creatures vanquished.

Vanquished Creatures (collateral kills)
  A two-headed ogre (D:9)
  A hungry ghost (D:7)
  A sky beast (D:5)
  2 big kobolds (Sewer)
  A hound (D:8)
  An orc priest (D:11)
  2 orcs
  2 kobolds
11 creatures vanquished.

Vanquished Creatures (others)
  A yak (D:3)
1 creature vanquished.

Grand Total: 278 creatures vanquished

Notes
Turn   | Place    | Note
-------+----------+-------------------------------------------
     0 | D:1      | Jmtri7 the Demonspawn Gladiator began the quest for the Orb.
     0 | D:1      | Reached XP level 1. HP: 16/16 MP: 1/1
   315 | D:1      | Gained mutation: A weak demonic guardian rushes to your aid. [demonic ancestry]
   315 | D:1      | Reached XP level 2. HP: 22/23 MP: 2/2
   447 | D:1      | Reached skill level 3 in Fighting
   890 | D:2      | Gained mutation: When seriously injured, your bleeding wounds create armour. (AC +9) [demonic ancestry]
   890 | D:2      | Reached XP level 3. HP: 29/29 MP: 3/3
   949 | D:2      | Reached skill level 4 in Fighting
  1118 | D:2      | Gained mutation: When seriously injured, your bleeding wounds create thick armour. (AC +9) [demonic ancestry]
  1118 | D:2      | Reached XP level 4. HP: 28/38 MP: 4/4
  1288 | D:2      | Noticed Terence
  1306 | D:2      | Killed Terence
  1306 | D:2      | Reached skill level 5 in Fighting
  1623 | D:3      | Gained mutation: You have sharp fingernails. [demonic ancestry]
  1623 | D:3      | Reached XP level 5. HP: 21/44 MP: 5/5
  1643 | D:3      | Found a glowing golden altar of the Shining One.
  1877 | D:3      | Found a bloodstained altar of Trog.
  1877 | D:3      | Found a deep blue altar of Sif Muna.
  2117 | D:3      | Found an oddly glowing altar of Pakellas.
  2117 | D:3      | Noticed a yak
  2127 | D:3      | Killed a yak
  2187 | D:4      | Found Tithaemo's Antique Armour Emporium.
  2194 | D:4      | Bought a cloak for 81 gold pieces
  2237 | D:4      | Reached skill level 6 in Fighting
  2315 | D:4      | Gained mutation: You have very sharp fingernails. [demonic ancestry]
  2315 | D:4      | Reached XP level 6. HP: 37/53 MP: 6/6
  2341 | D:4      | Noticed Jmtri7's ghost (amateur HOFi)
  2368 | D:4      | Killed Jmtri7's ghost
  2368 | D:4      | Reached skill level 7 in Fighting
  2466 | D:4      | Found a glowing drain.
  2508 | Sewer    | Entered a sewer
  2604 | Sewer    | Reached XP level 7. HP: 40/61 MP: 7/7
  2609 | Sewer    | Reached skill level 8 in Fighting
  2762 | Sewer    | Reached skill level 1 in Armour
  2879 | D:4      | Noticed a wyvern
  2887 | D:4      | Killed a wyvern
  3273 | D:4      | Found a sparkling altar of Nemelex Xobeh.
  3274 | D:4      | Found a basalt altar of Yredelemnul.
  3293 | D:5      | Entered Level 5 of the Dungeon
  3310 | D:5      | Reached XP level 8. HP: 64/69 MP: 8/8
  3826 | D:5      | Reached skill level 5 in Armour
  4089 | D:5      | Found a shattered altar of Ashenzari.
  4967 | D:6      | Found a glowing silver altar of Zin.
  5567 | D:7      | Gained mutation: You sometimes gain a little power by taking damage. [demonic ancestry]
  5567 | D:7      | Reached XP level 9. HP: 30/75 MP: 9/9
  5651 | D:7      | Paralysed by fainting for 12 turns
  5690 | D:7      | Found a staircase to the Ecumenical Temple.
  5700 | Temple   | Entered the Ecumenical Temple
  5777 | Temple   | Became a worshipper of Gozag Ym Sagoz the Greedy
  6134 | D:7      | Found a burning altar of Makhleb.
  6242 | D:7      | Reached skill level 9 in Fighting
  6539 | D:8      | Found a shimmering altar of Xom.
  6743 | D:8      | Reached skill level 10 in Fighting
  7194 | D:8      | Reached skill level 1 in Axes
  7307 | D:9      | Found Zagh's Armour Shoppe.
  7394 | D:9      | Gained mutation: You sometimes gain power by taking damage. [demonic ancestry]
  7394 | D:9      | Reached XP level 10. HP: 57/85 MP: 10/10
  7528 | D:9      | Found Yfahoceu's Antique Weapon Emporium.
  7531 | D:9      | Bought a battleaxe for 227 gold pieces
  7579 | D:9      | Reached skill level 5 in Axes
  7625 | D:9      | Found Desaek's Armour Boutique.
  7780 | D:9      | Found Ciagrodukk's Antique Weapon Shoppe.
  7852 | D:9      | Found a staircase to the Orcish Mines.
  8210 | D:9      | Found Vulle Jomn's Armour Emporium.
  8354 | D:10     | Entered Level 10 of the Dungeon
  8379 | D:10     | Noticed a hill giant
  8387 | D:10     | Killed a hill giant
  8684 | D:10     | Noticed a hill giant
  8695 | D:10     | Killed a hill giant
  9122 | D:10     | Found a runed door.
  9122 | D:10     | Noticed a fire giant
  9122 | D:10     | Noticed a stone giant
  9122 | D:10     | Noticed a stone giant
  9124 | D:10     | Noticed a flayed ghost
  9124 | D:10     | Noticed a great orb of eyes
  9124 | D:10     | Noticed a war gargoyle
  9124 | D:10     | Noticed a storm dragon
  9124 | D:10     | Noticed a war gargoyle
  9228 | D:11     | Found a staircase to the Lair.
  9274 | D:11     | Reached XP level 11. HP: 54/90 MP: 11/11
  9329 | D:11     | Noticed a white ugly thing
  9637 | D:11     | Demolished by a white ugly thing

Vault maps used:
D:1:      saegor_arrival_simple_e, minmay_cut_off
D:2:      grunt_ministairs_8, uniq_terence
D:3:      gammafunk_pakellas_its_alive, nicolae_overflow_hidden_temple,
          amethyst_overflow_temple_binary
D:4:      gammafunk_temple_overflow_statue, serial_shops, shop_fountains,
          gup_sewer_entry_glass, minmay_misc_feat_room, grunt_decor_fettered
D:5:      first_bread, corexii_corridor_pit, grunt_decor_resistance,
          nicolae_ashenzari_panopticon
D:6:      zin_academy
D:7:      grunt_ogre_cave, st_stairs_4, minmay_misc_feat_pillars, bloody_makhleb
D:8:      nicolae_whirlpool, xom_teletrap_fun
D:9:      orc_0_dummy, serial_shops, nicolae_shop_crystal, shop,
          nicolae_shop_competitors_out_of_business, kennysheep_mini_moat,
          nicolae_shop_behind_doors
D:10:     minmay_gate_of_8, minivault_25
D:11:     erik_lair_orcish_takeover, hangedman_misty_isle
Temple:   eino_narrow_crystal_temple
Sewer:    kennysheep_pipe_town

Skill      XL: |  1  2  3  4  5  6  7  8  9 10 |
---------------+-------------------------------+-----
Fighting       | 3 4 5 6 7 8 10 | 10.2
Armour         | 3 7 8 |  8.3
Axes           | 4 9 |  9.5
Long Blades    | |  2.6
Throwing       | |  1.7
Dodging        | |  2.6

Action                   |  1- 3 |  4- 6 |  7- 9 | 10-12 || total
-------------------------+-------+-------+-------+-------++-------
Melee: Long sword        |   116 |   100 |       |       ||   216
       War axe           |       |   131 |   642 |    16 ||   789
       Battleaxe         |       |       |       |   212 ||   212
  Use: Scroll            |       |       |       |    11 ||    11
 Stab: Sleeping          |     1 |       |       |       ||     1
       Distracted        |     1 |       |     3 |     5 ||     9
  Eat: Chunk             |     1 |     5 |    18 |       ||    24
       Pizza             |       |       |     2 |       ||     2
       Royal jelly       |       |       |     1 |       ||     1
       Beef jerky        |       |       |     1 |       ||     1
       Fruit             |       |       |       |     8 ||     8
Armor: Leather armour    |    12 |       |       |       ||    12
       Plate armour      |    67 |   208 |   535 |   228 ||  1038
Dodge: Dodged            |    32 |    80 |   188 |   177 ||   477
Block: Buckler           |       |    58 |    60 |       ||   118
       Shield            |       |       |   237 |    21 ||   258
